Map: Lightshade LE

Players

黑羽快斗 (ButAlways)

  • Race: Protoss Protoss
  • League: Master

GogojOey - Winner!

  • Race: Zerg Zerg

Event: DreamHack SC2 Masters 2021 Summer

VOD

Have the link to the VOD?

Description

Time

  • Played on: May 19, 2021, 8:18 a.m.
  • Length: 13:46

All games in this series

Show
View Real Time Build Order
Export as new Build Order

黑羽快斗 Protoss 

Build Orders:  

Get SALT Encoding   

  12  0:00  Probe  
  13  0:12  Probe  
  14  0:20  Pylon  
  14  0:24  Probe  
  15  0:38  Probe (Chrono Boost), Gateway  
  16  0:48  Probe (Chrono Boost), Assimilator  
  17  0:53  Probe (Chrono Boost)  
  18  1:04  Probe  
  19  1:15  Gateway  
  19  1:21  Pylon  
  19  1:25  Zealot (Chrono Boost), Cybernetics Core  
  21  1:35  Pylon  
  21  1:44  Zealot (Chrono Boost)  
  25  2:09  Adept (Chrono Boost)  
  25  2:10  Adept (Chrono Boost)  
  27  2:16  Nexus  
  25  2:32  Probe  
  24  2:39  Assimilator  
  24  2:44  Probe  
  24  2:46  Shield Battery  
  24  2:48  Adept  
  27  2:56  Probe  
  28  3:03  Pylon  
  28  3:08  Probe (Chrono Boost)  
  29  3:13  Warp Gate  
  30  3:20  Probe (Chrono Boost)  
  30  3:23  Robotics Facility  
  30  3:29  Probe (Chrono Boost)  
  30  3:31  Probe (Chrono Boost)  
  30  3:32  Stalker  
  34  3:39  Probe (Chrono Boost)  
  34  3:40  Probe (Chrono Boost)  
  36  3:43  Probe (Chrono Boost)  
  36  3:47  Probe  
  38  3:54  Probe  
  39  3:59  Probe  
  38  4:06  Probe (Chrono Boost)  
  39  4:11  Warp Prism  
  39  4:14  Probe (Chrono Boost)  
  40  4:18  Robotics Bay  
  40  4:19  Probe (Chrono Boost), Adept  
  40  4:21  Pylon  
  44  4:27  Probe x2 (Chrono Boost)  
  45  4:33  Probe (Chrono Boost)  
  45  4:34  Assimilator  
  45  4:37  Assimilator  
  47  4:39  Probe (Chrono Boost)  
  47  4:45  Probe (Chrono Boost)  
  48  4:47  Observer  
  48  4:50  Probe x2 (Chrono Boost)  
  48  4:51  Pylon  
  51  4:59  Probe x2  
  53  5:01  Adept x2  
  57  5:08  Disruptor (Chrono Boost)  
  57  5:11  Probe  
  61  5:14  Nexus  
  61  5:16  Pylon  
  61  5:23  Probe  
  60  5:34  Adept x2  
  59  5:36  Extended Thermal Lance  
  59  5:39  Gateway  
  59  5:40  Disruptor (Chrono Boost)  
  60  5:45  Gateway  
  60  5:54  Shield Battery  
  60  5:55  Adept x2  
  64  5:59  Gateway  
  64  6:06  Colossus (Chrono Boost)  
  70  6:19  Stalker x2  
  74  6:26  Gateway  
  74  6:32  Gateway  
  74  6:36  Probe  
  74  6:39  Probe, Forge  
  76  6:42  Twilight Council, Sentry x3  
  82  6:53  Pylon x2  
  82  6:59  Colossus (Chrono Boost)  
  82  7:06  Stalker  
  90  7:19  Stalker x4  
  90  7:21  Shield Battery  
  96  7:30  Stalker x2  
  96  7:33  Photon Cannon, Pylon  
  96  7:37  Sentry  
  102  7:43  Stalker x2  
  106  7:52  Stalker x2  
  105  8:07  Stalker x4  
  95  8:13  Stalker  
  95  8:18  Stalker  
  93  8:28  Zealot  
  93  8:31  Zealot  
  95  8:38  Stalker x4  
  97  8:50  Immortal (Chrono Boost)  
  91  8:57  Stalker  
  91  9:02  Zealot x2  
  91  9:05  Zealot  
  93  9:12  Stalker  
  85  9:24  Disruptor (Chrono Boost)  
  82  9:31  Stalker x2  
  86  9:39  Stalker x2  
  86  9:45  Stalker  
  92  9:51  Disruptor (Chrono Boost)  
  95  10:02  Stalker x2  
  99  10:11  Protoss Ground Weapons Level 1 (Chrono Boost)  
  99  10:18  Immortal (Chrono Boost)  
  99  10:21  Pylon, Stalker  
  104  10:38  Stalker x2  
  108  10:48  Immortal (Chrono Boost)  
  108  10:51  Stalker  
  114  10:58  Stalker  
  114  11:01  Pylon  
  116  11:08  Pylon  
  116  11:18  Pylon  
  117  11:20  Observer (Chrono Boost)  
  117  11:21  Stalker x3  
  123  11:26  Sentry  
  123  11:27  Stalker  
  123  11:32  Stalker  
  129  11:41  Stalker  
  128  11:50  Stalker x3  
  132  12:01  Photon Cannon  
  132  12:05  Pylon  
  132  12:07  Disruptor (Chrono Boost)  
  135  12:18  Stalker x3  
  140  12:26  Photon Cannon  
  140  12:29  Stalker x2  
  140  12:33  Adept x2  
  140  12:49  Photon Cannon  
  140  12:50  Pylon  
  140  12:51  Pylon  
  140  12:53  Pylon  
  140  13:10  Adept  
  140  13:11  Adept x3  
  140  13:12  Adept  
  150  13:17  Adept  
  148  13:21  Observer  
Show
View Real Time Build Order
Export as new Build Order

GogojOey Zerg - Winner!

Build Orders: Pool First 

Get SALT Encoding   

  12  0:17  Spawning Pool  
  11  0:22  Drone  
  11  0:26  Drone  
  13  0:30  Drone  
  14  0:40  Overlord  
  14  1:03  Queen, Zergling x4  
  18  1:05  Zergling x2  
  19  1:15  Zergling x2  
  20  1:26  Zergling x2  
  21  1:33  Hatchery  
  21  1:37  Drone  
  21  1:47  Overlord  
  21  2:04  Drone  
  22  2:09  Drone  
  22  2:14  Queen  
  24  2:17  Drone x2  
  24  2:30  Drone x2  
  24  2:35  Extractor  
  24  2:42  Zergling x2  
  24  2:45  Queen  
  24  2:46  Zergling x2  
  24  2:48  Zergling x4  
  24  2:50  Zergling x2  
  30  2:57  Overlord  
  30  2:59  Drone  
  30  3:00  Drone  
  32  3:08  Drone  
  32  3:12  Drone  
  34  3:17  Drone x3  
  37  3:20  Drone  
  37  3:25  Drone x2  
  40  3:28  Drone  
  41  3:35  Metabolic Boost  
  41  3:40  Drone  
  42  3:48  Hatchery  
  42  3:54  Spore Crawler  
  40  3:55  Drone  
  40  4:00  Drone  
  42  4:09  Drone  
  43  4:10  Overlord  
  43  4:11  Drone  
  43  4:17  Roach Warren  
  43  4:20  Overlord  
  43  4:21  Drone  
  43  4:23  Drone  
  44  4:28  Overlord  
  44  4:30  Drone  
  45  4:32  Drone, Extractor  
  45  4:38  Overlord  
  45  4:39  Drone  
  45  4:44  Overlord  
  47  4:45  Drone  
  47  4:49  Drone x2  
  47  4:50  Zergling x2  
  50  4:55  Overlord  
  50  5:03  Roach x4  
  50  5:06  Roach  
  59  5:10  Roach  
  61  5:15  Zergling x6  
  61  5:21  Lair  
  63  5:28  Drone  
  60  5:32  Drone x5  
  63  5:41  Zergling x6  
  66  5:47  Queen  
  67  5:54  Zergling x8  
  71  5:57  Spore Crawler  
  71  5:58  Drone x2  
  71  6:04  Drone x2  
  74  6:08  Drone x3  
  70  6:17  Drone x2  
  71  6:20  Drone  
  69  6:27  Roach x5  
  69  6:30  Roach x3  
  69  6:32  Glial Reconstitution  
  81  6:38  Roach x2  
  85  6:41  Roach  
  85  6:43  Zergling x2, Roach  
  90  6:47  Overlord  
  90  6:50  Overlord  
  90  6:51  Overlord  
  90  6:54  Overlord  
  90  6:57  Overlord  
  90  7:06  Drone, Overlord  
  90  7:07  Drone x7  
  90  7:11  Drone x2  
  90  7:12  Drone  
  93  7:16  Zergling x2  
  93  7:19  Ravager x2  
  93  7:20  Roach  
  97  7:25  Roach  
  97  7:28  Roach x2  
  100  7:31  Extractor, Zergling x2  
  100  7:32  Zergling x4  
  100  7:34  Roach  
  104  7:38  Queen x2  
  108  7:44  Zergling x6, Roach x2  
  115  7:51  Overlord  
  115  7:54  Zergling x8, Roach  
  117  8:03  Zergling x2, Roach x2  
  116  8:11  Zergling x4, Roach x3  
  110  8:16  Roach  
  110  8:17  Queen, Zergling x4  
  110  8:18  Queen  
  109  8:21  Zergling x4, Roach  
  109  8:27  Zergling x6, Roach  
  116  8:31  Zergling x2, Roach  
  116  8:34  Queen  
  116  8:36  Roach  
  116  8:38  Zergling x2  
  116  8:39  Zergling x6  
  124  8:45  Roach  
  119  8:54  Zergling x16, Roach  
  124  9:00  Queen  
  124  9:02  Roach  
  116  9:04  Ravager  
  116  9:05  Zergling x2, Roach  
  116  9:08  Ravager  
  121  9:10  Queen  
  121  9:12  Queen  
  121  9:15  Zergling x2, Roach  
  128  9:22  Zergling x2, Roach  
  119  9:28  Zergling x2, Roach  
  121  9:36  Roach x4  
  129  9:39  Overlord  
  129  9:41  Evolution Chamber  
  129  9:43  Overlord x2  
  129  9:45  Zergling x2  
  129  9:49  Extractor  
  129  9:50  Queen  
  129  9:51  Overlord  
  130  10:00  Overlord  
  130  10:03  Zergling x12, Roach  
  130  10:04  Ravager x2  
  130  10:05  Ravager  
  141  10:10  Zergling x4  
  140  10:16  Roach x2  
  140  10:20  Zerg Missile Weapons Level 1  
  144  10:23  Overseer  
  144  10:24  Zergling x16  
  144  10:28  Zergling x2  
  150  10:37  Zergling x8  
  152  10:43  Drone  
  152  10:45  Extractor  
  152  10:52  Drone x3  
  152  10:53  Drone x3  
  158  10:58  Hatchery  
  158  10:59  Zergling x2, Ravager x3  
  158  11:02  Drone x3, Baneling Nest  
  163  11:06  Zergling x2, Roach  
  161  11:13  Overlord x2  
  161  11:15  Roach  
  161  11:16  Ravager  
  164  11:19  Ravager  
  164  11:20  Drone x2  
  164  11:22  Drone  
  168  11:28  Drone x2  
  168  11:30  Infestation Pit  
  168  11:31  Extractor, Overlord x2  
  168  11:33  Zergling x10  
  172  11:45  Centrifical Hooks  
  172  11:48  Zergling x12  
  171  11:55  Zergling x4, Roach x3  
  171  11:57  Zergling x2  
  176  12:03  Zergling x6  
  176  12:06  Baneling x18  
  179  12:09  Baneling x6  
  179  12:10  Zergling x4  
  181  12:19  Evolution Chamber  
  181  12:21  Baneling x7  
  180  12:23  Zergling x8  
  179  12:32  Zergling x14  
  179  12:35  Baneling x4  
  186  12:46  Zergling x14  
  186  12:47  Zergling x2  
  194  12:57  Zergling x10  
  199  13:09  Hatchery  
  199  13:10  Drone  
  199  13:17  Baneling x7  
Tags
 
Add a new tag
Caveats
  • Supply blocks, unpowered buildings, or Contaminate may cause inaccurate times.
  • Supply counts are checked every 10 seconds.